cohdb
Replays
Latest Replays
All Replays
Popular Replays
Top Player Replays
Match Explorer
How It Works
Community
CoH3 Stats
Reddit
Sign in to upload your games and track your stats! →
Sign in with Steam
Match 47522253
Unlisted
Match 47522253
Overview
Messages
Build Orders
End
250 Light Carrier
Selects Panzerjäger Kommand Battlegroup
Selects Mine Fields
Panzergrenadier Squad
Panzergrenadier Squad
Panzergrenadier Squad
Construct Light Support Kompanie
Selects Defensive Positions
Fire Support Elements
le.IG 18 Support Gun Team
Panzerjäger Mechanized Group
Selects Tank Busters
Flakvierling Half-track
Selects Butterfly Bomb Drop
2.5-tonne Medical Truck
Pak 38 Anti-tank Gun Team
Butterfly Bomb Drop
Construct Panzerarmee Kommand
Butterfly Bomb Drop
Emergency Repair Kits
Vehicle Survival Package
Selects Crew Shock Tactics
Panzer III L Medium Tank
Butterfly Bomb Drop
Tungsten Core Ammunition
Panzer III L Medium Tank
Panzer III L Medium Tank
Panzer III L Medium Tank
Panzer III L Medium Tank
Advanced Optics
Panzer III L Medium Tank
Selects Elefant Tank Destroyer
BravoZX
加雷马魔导掷弹兵
Althea
香菜大王
Fsihbone
这里也 没有
lengfeng988
saitamapopo28
0
0
Comments
sign in to comment!
No comments posted yet!